 Dungeon Crawl Stone Soup version 0.31-a0-303-gdc8c9485ea (webtiles) character file.

Game seed: 4309826583554466732

41 garrulousMonolith the Changeling (level 3, -4/35 HPs)
             Began as a Troll Shapeshifter on July 16, 2023.
             Slain by a gnoll
             ... wielding a +0 halberd
              (6 damage)
             ... on level 2 of the Dungeon.
             The game lasted 00:01:08 (941 turns).

garrulousMonolith the Changeling (TrSh)              Turns: 941, Time: 00:01:09

Health: -4/35      AC:  4    Str: 25    XL:     3   Next: 32%
Magic:  2/2        EV:  9    Int:  4    God:
Gold:   131        SH:  0    Dex: 10    Spells: 2/2 levels left

rFire   . .          .
                       - Unarmed
rCold   . . .        (no shield)
rNeg    . . .        a - +0 animal skin
rPois   .            (helmet currently unavailable)
rElec   .            (cloak currently unavailable)
rCorr   .            (gloves unavailable)
SInv    .            (boots unavailable)
Will    .....        (no amulet)
Stlth   +            (no ring)
HPRegen 1.05/turn    (no ring)
MPRegen 0.08/turn

%: no passive effects
@: beast-form
A: beast (slay +2), large, unfitting armour, claws 3, regeneration 1, shaggy fur
1, tough skin 1
a: Begin Untransformation


You were on level 2 of the Dungeon.
You were a hulking beast.
You visited 1 branch of the dungeon, and saw 2 of its levels.

You collected 131 gold pieces.

Inventory:

Missiles
 g - a throwing net
Armour
 a - a +0 animal skin (worn)
Talismans
 c - a beast talisman
Scrolls
 d - 2 scrolls of identify {unknown}
 e - a scroll of torment {unknown}
Potions
 b - a potion of lignification


   Skills:
 + Level 2.0 Fighting
 + Level 0.7 Armour
 + Level 1.7 Dodging
 * Level 2.6 Unarmed Combat
 * Level 3.2 Shapeshifting


You had 2 spell levels left.
You didn't know any spells.
Your spell library was empty.

Dungeon Overview and Level Annotations

Branches:
Dungeon (2/15)

Altars:
Xom


Innate Abilities, Weirdness & Mutations

You are a hulking beast.
Your limbs bulge with bestial killing power. (Slay +2)
You are too large for most types of armour.
You have claws for hands.
Your natural rate of healing is unusually fast.
You are covered in fur. (AC +1)
You have tough skin. (AC +1)


Message History

2 gnolls come into view.
A ball python comes into view.
You barely miss the gnoll. You claw the gnoll!
You kill the gnoll!
The gnoll barely misses you.
Your Fighting skill increases to level 2!
A kobold comes into view. It is wielding a +0 short sword.
The kobold shouts!
The gnoll barely misses you. The gnoll hits you with a +0 halberd.
You scratch the gnoll.
The gnoll is moderately wounded.
The gnoll closely misses you. The gnoll hits you with a +0 halberd!
A bat comes into view.
You are too injured to fight recklessly!
You are too injured to fight recklessly!
You are too injured to fight recklessly!
You are too injured to fight recklessly!
You are too injured to fight recklessly!
You are too injured to fight recklessly!
You are too injured to fight recklessly!
You are too injured to fight recklessly!
You are too injured to fight recklessly!
You are too injured to fight recklessly!
You are too injured to fight recklessly!
You are too injured to fight recklessly!
You are too injured to fight recklessly!
You are too injured to fight recklessly!
You are too injured to fight recklessly!
You are too injured to fight recklessly!
The gnoll hits you from afar with a +0 halberd!
The gnoll hits you from afar with a +0 halberd.
You see here a +0 club.
It was a potion of curing.
You feel better.
The gnoll hits you from afar with a +0 halberd!
Okay, then.
The gnoll hits you with a +0 halberd!
* * * LOW HITPOINT WARNING * * *
The gnoll hits you from afar with a +0 halberd.
You die...

## ... # ....
.# ._..# ##.#
.....####...#
.......#..#
##...###
##..#..h###
#..####)gg#
##.## ###K.[#
#..# ......#
###.##
K.....#
###...#
......#
###...######
b......
###...####...
.....##
....######.#
.....#


You could see 2 gnolls and a kobold.

Vanquished Creatures
  A gnoll (D:2)
  A dart slug (D:1)
  3 bats (D:1)
  2 endoplasms
  A giant cockroach (D:1)
  5 goblins (D:1)
  4 hobgoblins (D:1)
  2 ball pythons (D:1)
  4 frilled lizards (D:1)
  2 kobolds (D:1)
  3 rats (D:1)
28 creatures vanquished.

Notes
Turn   | Place    | Note
-------+----------+-------------------------------------------
     0 | D:1      | garrulousMonolith the Troll Shapeshifter began the quest
                  | for the Orb.
     0 | D:1      | Reached XP level 1. HP: 19/19 MP: 0/0
   150 | D:1      | Reached XP level 2. HP: 25/28 MP: 1/1
   851 | D:1      | Reached XP level 3. HP: 35/35 MP: 2/2
   930 | D:2      | Found a shimmering altar of Xom.
   941 | D:2      | Slain by a gnoll

Illustrated notes

Levels and vault maps discovered:
D:1:      psy_arrival_terrarium, layout_basic
D:2:      layout_rooms, basic_altar

Skill      XL: |  1  2  3 |
---------------+----------+-----
Fighting       | 2 |  2.0
Armour         | |  0.7
Dodging        | |  1.7
Unarmed Combat | |  2.6
Shapeshifting  | |  3.2

Action                     || total
---------------------------++-------
  Melee: Unarmed           ||    68
    Use: Potion            ||     1
   Stab: Sleeping          ||     1
 Armour: Animal skin       ||    19
  Dodge: Dodged            ||    32

Table legend: (Time is in decaauts)
 A = Elapsed time spent in this place.
 B = Non-inter-level travel time spent in this place.
 C = Inter-level travel time spent in this place.
 D = Time resting spent in this place.
 E = Time spent auto-exploring this place.
 F = Levels seen in this place.
 G = Mean time per level.
                   A        B        C        D        E       F      G
               +--------+--------+--------+--------+--------+-----+--------+
         Total |    937 |    920 |     17 |      0 |    750 |   2 |  468.5 |
       Dungeon |    937 |    920 |     17 |      0 |    750 |   2 |  468.5 |
               +--------+--------+--------+--------+--------+-----+--------+

Top non-repeatable levels by time:
     D:1: 904 daAuts
     D:2: 33 daAuts
